AoeStats
← Dashimir

Arena

507888345Analyzed
3v3 RM · 13d ago on Sep 20, 2026· 72m 36s· 6 players
Game mode
Random Map
Map size
Normal (6 player)
Population
200
Speed
Normal
Resources
Standard
Victory
Conquest
Starting age
Dark Age
Ending age
Imperial Age
RankedLock teamsTeams togetherTeam positionsShared explorationLock speedFull tech treeHidden civsTurbo modeCheats
Victory
Defeat
🇧🇷 Sicilians · Brazil
1244
+16
🇰🇷 Franks · South Korea
1205
+17
🇲🇽 Ethiopians · Mexico
1180
+19
🇺🇸 Bohemians · United States
1294
-20
🇺🇸 Magyars · United States
1242
-17
🇭🇺 Mongols · Hungary
1178
-15
TheGrainmaker
10:23 Feudal Age
10:04 Loom
12:01 Double-Bit Axe
13:35 Wheelbarrow
13:00 Horse Collar
13:21 Fletching
22:41 Castle Age
23:51 Bow Saw
23:43 Heavy Plow
24:53 Bodkin Arrow
33:39 Imperial Age
33:45 Chemistry
34:41 Scale Mail Armor
34:51 Forging
34:42 Bracer
34:04 Pikeman
35:58 Chain Mail Armor
36:46 Fortified Wall
36:46 Masonry
37:20 Conscription
37:36 Iron Casting
38:08 Squires
38:07 Halberdier
39:26 Plate Mail Armor
40:11 Padded Archer Armor
41:11 Blast Furnace
43:59 Arson
45:33 Hand Cart
45:53 Wagenburg Tactics
46:15 Leather Archer Armor
48:48 Houfnice
51:31 Two-Man Saw
52:07 Ring Archer Armor
54:01 Elite Skirmisher
64:12 Murder Holes
64:28 Siege Engineers
^0^Nova^0^
10:21 Feudal Age
11:32 Loom
14:42 Castle Age
14:08 Double-Bit Axe
20:22 Horse Collar
23:18 Heavy Plow
23:41 Fletching
23:52 Stone Mining
24:42 Gold Mining
26:14 Wheelbarrow
26:49 Padded Archer Armor
28:06 Bow Saw
28:17 Bodkin Arrow
31:36 Leather Archer Armor
31:48 Hand Cart
35:46 Imperial Age
33:53 Ballistics
35:04 Gold Shaft Mining
34:49 Town Watch
37:47 Chemistry
36:52 Siege Engineers
36:20 Elite Mangudai
37:11 Bracer
37:58 Stone Shaft Mining
38:07 Conscription
38:09 Drill
37:52 Nomads
38:45 Town Patrol
38:57 Thumb Ring
39:18 Parthian Tactics
39:10 Fortified Wall
38:57 Murder Holes
40:54 Bloodlines
40:44 Husbandry
40:09 Pikeman
40:51 Squires
41:02 Forging
40:57 Scale Barding Armor
42:26 Iron Casting
47:02 Masonry
52:18 Blast Furnace
51:39 Chain Barding Armor
51:08 Light Cavalry
54:19 Caravan
58:41 Hussar
63:12 Elite Skirmisher
68:22 Capped Ram
68:58 Arson
Cavanara
0:29 Loom
11:16 Feudal Age
11:59 Horse Collar
12:05 Double-Bit Axe
14:20 Wheelbarrow
16:40 Scale Barding Armor
17:27 Bloodlines
23:55 Castle Age
29:02 Husbandry
28:44 Light Cavalry
30:58 Chain Barding Armor
32:28 Gold Mining
38:11 Imperial Age
35:58 Hand Cart
38:14 Heavy Plow
38:26 Bow Saw
38:25 Hussar
38:28 Cavalier
40:12 Plate Barding Armor
41:13 Paladin
50:41 Fletching
51:34 Hoardings
51:17 Masonry
51:04 Murder Holes
54:41 Bodkin Arrow
SenorLeyenda561
11:10 Feudal Age
9:28 Loom
14:41 Castle Age
12:50 Double-Bit Axe
13:13 Horse Collar
15:28 Forging
22:02 Town Watch
22:57 Iron Casting
32:53 Imperial Age
32:02 Town Watch
32:58 Wheelbarrow
33:23 Fletching
33:33 Padded Archer Armor
34:30 Bodkin Arrow
35:20 Conscription
35:22 Leather Archer Armor
35:30 Bracer
35:59 Hand Cart
35:27 Crossbowman
36:19 Gold Mining
38:03 Chemistry
37:30 Heavy Plow
38:24 Town Patrol
39:25 Ring Archer Armor
39:21 Thumb Ring
40:39 Scale Mail Armor
41:21 Bow Saw
41:54 Gold Shaft Mining
41:42 Arbalester
43:01 Ballistics
43:32 Torsion Engines
44:03 Chain Mail Armor
45:33 Plate Mail Armor
46:04 Blast Furnace
45:56 Siege Engineers
46:17 Scale Barding Armor
45:36 Halberdier
46:15 Light Cavalry
47:14 Husbandry
46:56 Hussar
48:38 Heavy Camel Rider
49:47 Chain Barding Armor
54:25 Elite Skirmisher
59:18 Caravan
69:20 Squires
69:05 Arson
69:30 Squires
69:15 Arson
Dashimir
6:45 Loom
9:26 Feudal Age
13:08 Horse Collar
24:07 Castle Age
22:52 Fletching
23:04 Scale Mail Armor
22:55 Double-Bit Axe
25:44 Wheelbarrow
26:48 Chain Mail Armor
28:36 Hand Cart
28:07 Town Watch
29:29 Heavy Plow
30:07 Bodkin Arrow
30:29 Pikeman
30:37 Pikeman
31:20 Murder Holes
31:38 Forging
33:34 Padded Archer Armor
33:58 Ballistics
37:00 Imperial Age
35:32 First Crusade
35:30 Town Patrol
35:50 Bow Saw
37:09 Gold Mining
37:55 Iron Casting
37:36 Leather Archer Armor
37:11 Elite Serjeant
39:26 Gold Shaft Mining
39:34 Crop Rotation
38:58 Stone Mining
40:13 Chemistry
39:33 Capped Ram
40:39 Conscription
41:28 Plate Mail Armor
41:30 Siege Ram
42:44 Onager
44:09 Siege Engineers
44:14 Masonry
45:38 Siege Onager
47:24 Blast Furnace
46:25 Bracer
50:18 Caravan
49:53 Elite Skirmisher
51:13 Scale Barding Armor
58:39 Stone Shaft Mining
61:09 Halberdier
61:55 Squires
68:10 Arrowslits
Alpenhime
7:09 Loom
10:22 Feudal Age
15:25 Castle Age
13:19 Double-Bit Axe
17:19 Bow Saw
24:29 Wheelbarrow
23:39 Town Watch
30:54 Imperial Age
28:34 Scale Barding Armor
28:40 Forging
28:41 Husbandry
28:51 Stone Mining
28:52 Gold Mining
29:09 Scale Mail Armor
31:01 Chain Barding Armor
31:16 Iron Casting
30:54 Cavalier
32:48 Plate Barding Armor
33:13 Blast Furnace
32:59 Gold Shaft Mining
33:01 Hand Cart
32:46 Town Patrol
32:34 Paladin
33:37 Fletching
33:47 Padded Archer Armor
34:02 Chain Mail Armor
34:36 Bodkin Arrow
34:56 Leather Archer Armor
34:46 Chivalry
35:14 Man-at-Arms
35:40 Gambesons
35:56 Squires
35:41 Pikeman
37:22 Plate Mail Armor
36:40 Capped Ram
37:01 Light Cavalry
37:10 Long Swordsman
37:12 Halberdier
37:39 Arson
37:51 Two-Handed Swordsman
39:23 Conscription
38:56 Champion
39:33 Heavy Scorpion
44:38 Caravan
45:09 Coinage
44:10 Elite Throwing Axeman
45:11 #83
48:49 Chemistry
48:11 Ballistics
49:27 Banking
48:40 Elite Skirmisher
48:41 Crossbowman
Connection lost

Rejoining the realm…

Still unreachable

The connection could not be restored.

Session expired

The server has moved on; the page needs a fresh start.